AoeStats
← carloscabo97

Arena

505509632Analyzed
3v3 RM · 23d ago on Sep 9, 2026· 48m 26s· 6 players
Game mode
Random Map
Map size
Normal (6 player)
Population
200
Speed
Normal
Resources
Standard
Victory
Conquest
Starting age
Dark Age
Ending age
Imperial Age
RankedLock teamsTeams togetherTeam positionsShared explorationLock speedFull tech treeHidden civsTurbo modeCheats
Victory
Defeat
🇫🇷 Khmer · France
673
+13
🇨🇱 Mapuche · Chile
632
+14
🇧🇷 Portuguese · Brazil
627
+14
🇪🇸 Vietnamese · Spain
612
-14
🇪🇸 Franks · Spain
602
-14
🇪🇸 Spanish · Spain
569
-13
kysebook
10:58 Feudal Age
12:14 Horse Collar
12:21 Double-Bit Axe
12:31 Double-Bit Axe
16:34 Wheelbarrow
15:44 Loom
18:18 Forging
18:09 Scale Mail Armor
18:05 Fletching
18:16 Padded Archer Armor
20:48 Castle Age
18:47 Stone Mining
18:50 Gold Mining
24:01 Treadmill Crane
23:50 Pikeman
25:30 Bow Saw
25:52 Heavy Plow
27:33 Fervor
28:44 Hand Cart
29:36 Ballistics
29:57 Gold Shaft Mining
29:57 Stone Shaft Mining
28:44 Elite Skirmisher
34:05 Imperial Age
33:57 Iron Casting
33:37 Chain Mail Armor
33:17 Bodkin Arrow
33:38 Leather Archer Armor
34:08 Town Watch
34:48 Leather Archer Armor
34:28 Bodkin Arrow
34:45 Malon
35:11 Conscription
34:58 Butalmapu
35:28 Crop Rotation
36:37 Chemistry
35:33 Murder Holes
36:40 Hoardings
37:44 Blast Furnace
37:14 Plate Mail Armor
37:14 Ring Archer Armor
37:31 Ring Archer Armor
38:45 Elite Kona
39:49 Halberdier
SUPAA
7:29 Loom
17:24 Feudal Age
17:52 Town Watch
18:43 Wheelbarrow
17:50 Horse Collar
17:59 Double-Bit Axe
18:19 Gold Mining
18:38 Stone Mining
25:26 Castle Age
24:32 Forging
24:23 Scale Mail Armor
24:24 Padded Archer Armor
24:30 Scale Barding Armor
25:42 Pikeman
27:12 Hand Cart
30:12 Bow Saw
30:33 Heavy Plow
31:33 Gold Shaft Mining
31:53 Stone Shaft Mining
42:17 Tusk Swords
45:32 Imperial Age
43:04 Town Patrol
44:37 Caravan
45:08 Coinage
45:13 Ballistics
45:04 Fortified Wall
46:47 Crop Rotation
47:19 Chemistry
46:55 Banking
46:39 Siege Engineers
46:57 Conscription
48:08 Halberdier
49:02 Double Crossbow
48:24 Elite Ballista Elephant
henriquetsevero
0:45 Loom
14:29 Feudal Age
15:46 Wheelbarrow
14:57 Town Watch
14:56 Horse Collar
15:05 Double-Bit Axe
16:22 Stone Mining
16:26 Gold Mining
26:03 Castle Age
26:28 Pikeman
26:54 Gambesons
28:27 Arson
29:04 Hand Cart
28:53 Heavy Plow
29:07 Bow Saw
31:24 Stone Shaft Mining
32:38 Ballistics
38:55 Imperial Age
36:47 Masonry
40:39 Chemistry
39:28 Halberdier
40:34 Conscription
42:10 Two-Man Saw
46:14 Arquebus
carloscabo97
3:39 Loom
12:30 Feudal Age
13:31 Town Watch
13:38 Double-Bit Axe
16:34 Wheelbarrow
17:58 Stone Mining
23:01 Castle Age
22:19 Gold Mining
24:49 Hand Cart
32:33 Town Patrol
32:07 Man-at-Arms
32:49 Squires
32:35 Arson
32:53 Husbandry
34:41 Long Swordsman
38:59 Bow Saw
39:34 Gold Shaft Mining
39:51 Caravan
41:02 Gambesons
42:23 Scale Barding Armor
42:29 Forging
42:20 Scale Mail Armor
45:16 Imperial Age
43:12 #83
46:25 Chain Barding Armor
46:41 Iron Casting
46:22 Chain Mail Armor
lemortelier
10:41 Feudal Age
11:13 Double-Bit Axe
15:31 Wheelbarrow
19:05 Loom
19:54 Stone Mining
20:37 Horse Collar
24:49 Castle Age
25:44 Heavy Plow
26:42 Gold Mining
27:28 Stone Shaft Mining
27:07 Bow Saw
29:40 Scale Barding Armor
33:53 Hand Cart
39:50 Imperial Age
38:52 Chain Barding Armor
38:23 Fletching
38:56 Ballistics
38:52 Caravan
41:00 Conscription
40:01 Elite Conquistador
43:05 Plate Barding Armor
43:46 Bodkin Arrow
47:22 Supremacy
ipsofacto13
4:01 Loom
10:17 Feudal Age
12:46 Horse Collar
15:19 Wheelbarrow
16:37 Double-Bit Axe
20:23 Castle Age
19:31 Bloodlines
20:17 Scale Barding Armor
22:18 Bow Saw
22:11 Heavy Plow
22:26 Forging
22:45 Husbandry
27:26 Gold Mining
27:55 Caravan
28:31 Thumb Ring
27:48 Crossbowman
34:39 Imperial Age
35:10 Elite Battle Elephant
35:55 Chatras
36:27 Fletching
36:57 Chain Barding Armor
40:10 Crop Rotation
40:44 Paper Money
41:41 Plate Barding Armor
Connection lost

Rejoining the realm…

Still unreachable

The connection could not be restored.

Session expired

The server has moved on; the page needs a fresh start.